 Dungeon Crawl Stone Soup version 0.17.0-27-g4a3f43e (webtiles) character file.

299831 YorNeim the Bludgeoner (level 20, -5/286 HPs)
             Began as a Minotaur Berserker on Nov 21, 2015.
             Was an Elder of Trog.
             Slain by an azure jelly (16 damage)
             ... created by the royal jelly
             ... on level 6 of the Pits of Slime on Nov 22, 2015.
             The game lasted 08:49:51 (42738 turns).

YorNeim the Bludgeoner (Minotaur Berserker)        Turns: 42738, Time: 08:49:51

Health: -5/286     AC: 16    Str: 35    XL:     20   Next: 15%
Magic:  20/20      EV: 15    Int: 11    God:    Trog [****..]
Gold:   2647       SH: 19    Dex: 22    Spells: 0 memorised, 19 levels left

rFire  . . .     SeeInvis .     d - +4 eveningstar (protect)
rCold  + . .     Clarity  +     T - +5 crystal plate armour of Context {rElec Str+6 Int-2}
rNeg   . . .     SustAt   .     m - +1 shield {AC+3}
rPois  .         Gourm    .     (helmet restricted)
rElec  +         Spirit   .     X - +2 cloak {rC+}
rCorr  +         Warding  .     y - +2 pair of gloves {Dex+3}
rMut   .         Stasis   .     (no boots)
MR     ++++.                    k - amulet "Wyidaer" {rCorr *Corrode MR+++ Int+8 Dex+2}
Stlth  ..........               K - +5 ring of slaying
                                x - ring of Kebriukk {AC-5 Int+3 Slay+6}

@: berserking, corroded equipment, very slightly contaminated, hasted, very
quick, incredibly resistant to hostile enchantments, extremely unstealthy
A: retaliatory headbutt, horns 2, camouflage 1, clarity, deterioration 1, dopey
1, regeneration 1, electricity resistance, no device heal 1
a: Berserk, Trog's Hand, Brothers in Arms, Burn Spellbooks, Renounce Religion
}: 2/15 runes: barnacled, gossamer


You were on level 6 of the Pits of Slime.
You worshipped Trog.
Trog was greatly pleased with you.
You were hungry.

You visited 7 branches of the dungeon, and saw 43 of its levels.
You also visited: Ice Cave.

You collected 4393 gold pieces.
You spent 1746 gold pieces at shops.

Inventory:

Hand Weapons
 d - a +4 eveningstar of protection (weapon)
 i - a +6 great mace of holy wrath
 C - the +2 war axe of Emasamp {freeze, rPois Int+3}
   (Trog gifted it to you on level 2 of the Orcish Mines)

   It has been specially enchanted to freeze those struck by it, causing extra
   injury to most foes and up to half again as much damage against particularly
   susceptible opponents.
   It can also slow down cold-blooded creatures.
   It affects your intelligence (+3).
   It protects you from poison.
 S - a +3 antimagic war axe
 V - a +3 war axe of electrocution
Missiles
 G - 20 javelins of returning (quivered)
Armour
 m - a +1 shield of protection (worn)
 y - a +2 pair of gloves of dexterity (worn)
 E - a +2 cloak of poison resistance
 O - a +0 fire dragon armour
 R - the +0 plate armour of Iruitaukh {+Blink rElec rPois}
   (You took it off a deep elf master archer on level 3 of the Elven Halls)

   It insulates you from electricity.
   It protects you from poison.
   It lets you blink.
 T - the +5 crystal plate armour of Context (worn) {rElec Str+6 Int-2}
   (You found it on level 8 of the Lair of Beasts)

   It affects your strength (+6).
   It affects your intelligence (-2).
   It insulates you from electricity.
 X - a +2 cloak of cold resistance (worn)
 Z - a +1 large shield of positive energy
Jewellery
 h - the amulet of Kaablada {Stasis rElec rC++}
   (You took it off a deep elf master archer on level 3 of the Elven Halls)

   [amulet of stasis]

   It prevents you from being teleported, slowed, hasted or paralysed.
   It greatly protects you from cold.
   It insulates you from electricity.
 k - the amulet "Wyidaer" (around neck) {rCorr *Corrode MR+++ Int+8 Dex+2}
   (You bought it in a shop on level 4 of the Orcish Mines)

   [amulet of resist corrosion]

   It protects you from acid and corrosion.
   It affects your intelligence (+8).
   It affects your dexterity (+2).
   It affects your resistance to hostile enchantments.
   It may corrode your equipment when you take damage.
 o - an uncursed ring of protection from fire
 q - an uncursed amulet of warding
 u - a ring of the Octopus King {SustAt AC+1 EV+1 Str+1 Int+1 Dex+1}
   (You found it on level 8 of the Lair of Beasts)

   [ring of sustain attributes]

   It sustains your strength, intelligence and dexterity.
   It affects your AC (+1).
   It affects your evasion (+1).
   It affects your strength (+1).
   It affects your intelligence (+1).
   It affects your dexterity (+1).
 x - the ring of Kebriukk (left hand) {AC-5 Int+3 Slay+6}
   (You took it off a deep elf master archer on level 3 of the Elven Halls)

   [ring of protection]

   It affects your AC (-5).
   It affects your intelligence (+3).
   It affects your accuracy and damage with ranged weapons and melee attacks
   (+6).
 F - the ring of Tienavut {rC+ Str+2 Int+5 SInv Stlth-}
   (You bought it in a shop on level 4 of the Orcish Mines)

   [ring of see invisible]

   It affects your strength (+2).
   It affects your intelligence (+5).
   It protects you from cold.
   It lets you see invisible.
   It makes you less stealthy.
 K - a +5 ring of slaying (right hand)
 L - an uncursed amulet of regeneration
 Q - an uncursed ring of positive energy
 U - an uncursed amulet of resist mutation
 W - the ring "Yhaobit" {rF+ rN+ MP+9}
   (You found it on level 1 of the Spider Nest)

   [ring of magical power]

   It protects you from fire.
   It protects you from negative energy.
   It affects your magic capacity (+9).
 Y - a +6 ring of dexterity
Wands
 z - a wand of disintegration (13)
 D - a wand of digging (14)
Scrolls
 e - 6 scrolls of recharging
 n - a scroll of remove curse
 r - 6 scrolls of enchant armour
 t - 6 scrolls of teleportation
 w - 5 scrolls of magic mapping
 J - 9 scrolls of identify
 M - 5 scrolls of blinking
Potions
 a - 19 potions of curing
 f - 2 potions of cancellation
 j - 2 potions of haste
 l - 2 potions of might
 p - 5 potions of flight
 s - 2 potions of invisibility
 I - 2 potions of resistance
Miscellaneous
 v - a lamp of fire (inert)
Comestibles
 c - 13 bread rations
 A - 14 meat rations
 B - a slice of pizza
 P - 25 fruits


   Skills:
 + Level 19.1 Fighting
 + Level 14.6(19.0) Axes
 + Level 20.2(21.7) Maces & Flails
   Level 4.2(14.2) Staves
   Level 1.0 Bows
 + Level 8.2 Throwing
 + Level 17.2 Armour
 + Level 9.7 Dodging
 + Level 3.0 Stealth
 + Level 18.6 Shields
 + Level 2.0 Evocations


You had 19 spell levels left.
You didn't know any spells.

Dungeon Overview and Level Annotations

Branches:
Dungeon (14/15)            Temple (0/1) D:4            Lair (8/8) D:9
 Shoals (4/4) Lair:3       Spider (4/4) Lair:3        Slime (6/6) Lair:6
    Orc (4/4) D:10            Elf (3/3) Orc:4        Vaults (0/5) D:13

Altars:
Elyvilon
Kikubaaqudgha
Makhleb
Nemelex Xobeh
Okawaru
Qazlal
Sif Muna
Zin
The Shining One
Beogh

Shops:
D:8 *   D:9 *   Orc:1 *   Orc:3 (   Orc:4 **[=

Portals:
Trove: D:13 (show abyssal rune of Zot)

Annotations:
Shoals:4 Ilsuiw
Slime:6 Royal Jelly


Innate Abilities, Weirdness & Mutations

You reflexively headbutt those who attack you in melee.
You have a pair of horns on your head.
Your skin changes colour to match your surroundings (Stealth).
You possess an exceptional clarity of mind.
Your body sometimes deteriorates upon taking damage.
You are dopey. (Int -2)
Your natural rate of healing is unusually fast.
You are resistant to electric shocks.
Potions and wands are less effective at restoring your health.


Message History

You are splashed with acid!
The acid burns!
You resist.
* * * LOW HITPOINT WARNING * * *
The royal jelly hits you!
* * * LOW HITPOINT WARNING * * *
You are splashed with acid!
The acid burns!
You resist.
* * * LOW HITPOINT WARNING * * *
The acid blob hits your fire elemental!!!
Your fire elemental is destroyed!
You block the azure jelly's attack. The azure jelly barely misses you.
You block the azure jelly's attack. x2
A slime creature comes into view.
Your crystal plate armour of Context prevents you from hitting the royal jelly.
You headbutt the royal jelly!
The royal jelly is almost dead.
The royal jelly shudders.
The royal jelly spits out another jelly.
The azure jelly hits you.
* * * LOW HITPOINT WARNING * * *
The azure jelly freezes you! You resist.
You die...

..........................
#.........................
##.........................
#.....................###..
##....................##
#.....................# #
##...........J........##
#.#............J.J....#
#............O@JJJ....#
#..........JJJJJ....#
#............JJJJ....#
##...........J.J....##
#.............§....J.
##............§....##
#.............§...#
#..................#
#.............§§§.##


You could see the royal jelly, 5 acid blobs, 6 azure jellies, a slime creature,
5 death oozes and a friendly two-headed ogre (berserk).

Vanquished Creatures
  Mara (Spider:3)
  Nikola (Shoals:4)
  Arachne (Spider:3)
  Jorgrun (Spider:2)
  2 deep elf blademasters (Elf:3)
  5 deep elf master archers (Elf:3)
  8 acid blobs
  Polyphemus (Shoals:4)
  Agnes (Spider:1)
  Frances (Spider:1)
  Roxanne (Elf:3)
  3 azure jellies
  6 deep elf sorcerers
  4 orc warlords
  Aizul (Elf:3)
  A ghost moth (Spider:4)
  Louise (D:14)
  8 emperor scorpions
  The ghost of Arkorax the Spry, a journeyman MfGl of Zin (Lair:7)
  3 deep elf demonologists
  Nessos (Lair:6)
  3 deep elf annihilators
  4 deep elf death magi (Elf:3)
  A vault guard (D:13)
  10 merfolk javelineers
  3 merfolk impalers (Shoals:4)
  Josephine (Spider:1)
  2 deep elf high priests (Elf:3)
  An entropy weaver (Spider:3)
  Fannar (Orc:1)
  The ghost of Solomon123 the Blocker, a journeyman FoFi of Qazlal (D:11)
  4 catoblepae
  8 hydras
  An alligator snapping turtle (Shoals:2)
  3 satyrs (Shoals:3)
  Erolcha (Orc:1)
  14 dancing weapons (Elf:2)
  2 centaur warriors
  2 merfolk avatars
  2 tengu warriors (D:14)
  4 merfolk aquamancers
  6 orc high priests
  21 death yaks
  Urug (Lair:3)
  9 deep elf knights
  Sonja (Orc:3)
  An ice devil (IceCv)
  A wizard (D:13)
  6 hill giants
  7 deep elf summoners
  18 sea snakes
  4 unseen horrors
  Pikel (D:4)
  3 hornets
  A large abomination (Elf:3)
  A wolf spider zombie (D:13)
  A kraken simulacrum (Shoals:4)
  26 wolf spiders
  6 orc sorcerers
  6 oklob plants
  2 ugly things
  7 griffons
  2 necromancers (D:13)
  10 orc knights
  8 deep elf conjurers
  11 manticores
  7 orb spiders
  14 fauns
  5 shining eyes
  11 harpies
  10 water nymphs
  2 cyclopes
  12 black mambas
  A moth of wrath (Spider:4)
  8 sirens
  11 elephants (Lair:7)
  Joseph (D:8)
  2 ice statues (IceCv)
  2 gargoyles
  2 torpor snails (Spider:3)
  12 spiny frogs
  2 small abominations (Elf:3)
  6 komodo dragons
  10 demonic crawlers
  5 fire drakes
  11 blue devils (IceCv)
  7 deep elf priests
  A tengu conjurer (D:14)
  6 polar bears
  35 merfolk
  5 wind drakes
  19 jumping spiders
  6 trolls
  A boulder beetle (Lair:3)
  5 two-headed ogres
  3 blink frogs (Lair:2)
  13 snapping turtles
  A trapdoor spider zombie (D:10)
  21 redbacks
  52 yaks
  38 slime creatures
  Sigmund (D:5)
  A centaur simulacrum (D:14)
  A spriggan (D:10)
  18 deep elf magi
  13 tarantellas
  15 trapdoor spiders
  2 wyverns
  A steam dragon (Lair:8)
  13 water elementals
  19 humans (D:13)
  5 wraiths
  3 basilisks
  Grum (D:11)
  2 hungry ghosts
  10 deep elf fighters
  A mottled dragon (D:11)
  20 hippogriffs
  18 water moccasins
  7 wargs
  11 wolves
  13 porcupines
  6 swamp worms (Lair:2)
  75 orc warriors
  Purgy (D:3)
  7 sky beasts
  3 eyes of draining
  21 spiders
  6 ice beasts
  7 black bears
  18 ogres
  4 phantoms
  The ghost of Gargoyl the Skirmisher, an amateur DsAK of Lugonu (D:4)
  20 centaurs
  3 wasps (Spider:1)
  4 necrophages
  4 big kobolds
  A brain worm (Lair:2)
  25 crocodiles
  13 giant frogs
  2 wyvern zombies
  9 killer bees (D:9)
  6 scorpions
  16 jellies
  4 electric eels
  12 wights
  6 crimson imps
  5 giant frog zombies
  3 centaur zombies
  13 hounds
  5 quasits
  A wasp zombie (D:10)
  2 giant frog skeletons (D:10)
  65 orc priests
  Jessica (D:3)
  3 centaur skeletons
  Natasha (thrice) (D:3)
  36 orc wizards
  8 iguanas
  31 sheep
  21 worker ants
  2 hound zombies (D:3)
  3 worker ant zombies (D:3)
  10 gnolls
  14 adders
  68 river rats
  5 white imps (IceCv)
  3 shadow imps
  7 ufetubi (IceCv)
  2 oozes
  An adder skeleton (D:4)
  13 worms
  6 giant geckos
  294 orcs
  8 giant cockroaches
  5 goblins
  9 hobgoblins
  19 jackals
  25 kobolds
  2 ball pythons (D:5)
  A ball python zombie (D:3)
  16 bats
  A giant cockroach zombie (D:3)
  A giant gecko skeleton (D:7)
  A giant gecko zombie (D:3)
  7 giant newts
  A jackal zombie (D:3)
  5 quokkas
  10 rats
  4 crawling corpses (Elf:2)
  2 fungi
  3 plants
1821 creatures vanquished.

Vanquished Creatures (collateral kills)
  5 acid blobs
  2 azure jellies
  A merfolk javelineer (Shoals:4)
  A fire dragon (Lair:8)
  3 hydras (Lair:8)
  A merfolk avatar (Shoals:4)
  4 dancing weapons (Elf:2)
  2 deep elf knights (Elf:2)
  A harpy (Lair:8)
  3 manticores (Lair:8)
  An orb spider (Spider:4)
  An orc sorcerer (Elf:2)
  A deep elf conjurer (Elf:2)
  2 sirens (Shoals:4)
  A deep elf priest (Elf:2)
  A merfolk (Shoals:4)
  6 slime creatures (Slime:3)
  A water elemental (Shoals:4)
  3 wyverns (Lair:8)
  4 hippogriffs (Lair:8)
  A deep elf fighter (Elf:2)
  2 hell hounds (Lair:8)
  An eye of draining (Slime:2)
  A centaur (Shoals:4)
  2 jellies (Slime:2)
  A river rat (Lair:8)
  An orc (Elf:2)
53 creatures vanquished.

Vanquished Creatures (others)
  An orb spider (Spider:3)
  A spider (Spider:3)
  A hound (D:4)
  A white imp (IceCv)
  4 ufetubi (IceCv)
  3 orcs (D:4)
  A rat (D:1)
  A crawling corpse (Elf:3)
  10 fungi
  12 plants
  6 tentacles (Shoals:4)
  80 tentacle segments (Shoals:4)
121 creatures vanquished.

Grand Total: 1995 creatures vanquished

Notes
Turn   | Place    | Note
--------------------------------------------------------------
     0 | D:1      | YorNeim the Minotaur Berserker began the quest for the Orb.
     0 | D:1      | Reached XP level 1. HP: 19/19 MP: 0/0
   240 | D:1      | Reached skill level 4 in Fighting
   298 | D:1      | Reached XP level 2. HP: 20/27 MP: 1/1
   625 | D:1      | Reached ** piety under Trog
   646 | D:1      | Reached XP level 3. HP: 18/33 MP: 2/2
  1006 | D:2      | Found an ancient bone altar of Kikubaaqudgha.
  1017 | D:2      | Found an iron altar of Okawaru.
  1095 | D:2      | Found a sparkling altar of Nemelex Xobeh.
  1162 | D:2      | Reached XP level 4. HP: 32/41 MP: 3/3
  1960 | D:3      | Reached skill level 1 in Maces & Flails
  1985 | D:3      | Found a glowing silver altar of Zin.
  2016 | D:3      | Noticed Purgy
  2021 | D:3      | Reached *** piety under Trog
  2026 | D:3      | Killed Purgy
  2026 | D:3      | Reached XP level 5. HP: 47/47 MP: 4/4
  2093 | D:3      | Noticed Natasha
  2110 | D:3      | Killed Natasha
  2110 | D:3      | Reached skill level 5 in Fighting
  2112 | D:3      | Reached XP level 6. HP: 56/56 MP: 5/5
  2352 | D:3      | Noticed Natasha
  2357 | D:3      | Killed Natasha
  2464 | D:3      | Noticed Natasha
  2469 | D:3      | Killed Natasha
  2739 | D:3      | Noticed Jessica
  2745 | D:3      | Killed Jessica
  2745 | D:3      | Reached skill level 5 in Armour
  3147 | D:4      | Found a stormy altar of Qazlal.
  3175 | D:4      | Reached XP level 7. HP: 61/61 MP: 6/6
  3276 | D:4      | Noticed Pikel
  3290 | D:4      | Killed Pikel
  3290 | D:4      | Reached skill level 5 in Maces & Flails
  3290 | D:4      | Reached skill level 1 in Throwing
  3290 | D:4      | Reached skill level 6 in Armour
  3290 | D:4      | Reached XP level 8. HP: 70/70 MP: 7/7
  3416 | D:4      | Reached skill level 7 in Armour
  3535 | D:4      | Reached **** piety under Trog
  3689 | D:4      | Found a white marble altar of Elyvilon.
  3760 | D:4      | Noticed Gargoyl's ghost (amateur DsAK)
  3761 | D:4      | Found a staircase to the Ecumenical Temple.
  3767 | D:4      | Killed Gargoyl's ghost
  3896 | D:5      | Entered Level 5 of the Dungeon
  3914 | D:5      | Reached skill level 1 in Shields
  4120 | D:5      | Reached skill level 5 in Dodging
  4128 | D:5      | Noticed Sigmund
  4150 | D:5      | Killed Sigmund
  4150 | D:5      | Reached skill level 8 in Armour
  4498 | D:5      | Reached skill level 1 in Stealth
  4501 | D:5      | Received a gift from Trog
  4695 | D:5      | Found a burning altar of Makhleb.
  4868 | D:5      | Gained mutation: You are resistant to electric shocks. [mutagenic meat]
  4869 | D:5      | Gained mutation: Potions and wands are less effective at restoring your health. [mutagenic meat]
  4871 | D:5      | Gained mutation: Your body sometimes deteriorates upon taking damage. [mutagenic meat]
  4930 | D:5      | Reached XP level 9. HP: 79/79 MP: 8/8
  4999 | D:5      | Gained mutation: Your body often deteriorates upon taking damage. [potion of mutation]
  4999 | D:5      | Gained mutation: You are frail (-10% HP). [potion of mutation]
  4999 | D:5      | Gained mutation: Your natural rate of healing is unusually fast. [potion of mutation]
  5232 | D:6      | Reached skill level 9 in Armour
  6354 | D:7      | Reached XP level 10. HP: 81/81 MP: 9/9
  6439 | D:7      | Reached skill level 10 in Armour
  6714 | D:7      | Found a deep blue altar of Sif Muna.
  7575 | D:8      | Noticed Joseph
  7594 | D:8      | Killed Joseph
  7743 | D:8      | Reached skill level 10 in Maces & Flails
  7850 | D:8      | Found Loniytt's General Store.
  7905 | D:8      | Bought a scroll of recharging for 114 gold pieces
  7905 | D:8      | Bought a potion of invisibility for 96 gold pieces
  7905 | D:8      | Bought a scroll of blinking for 90 gold pieces
  8461 | D:9      | Reached ***** piety under Trog
  8545 | D:9      | Reached skill level 11 in Armour
  8589 | D:9      | Reached skill level 5 in Shields
  8716 | D:9      | Found a staircase to the Lair.
  8753 | D:9      | Received a gift from Trog
  8768 | D:9      | Found a glowing golden altar of the Shining One.
  9014 | D:9      | Found Ikasm's Assorted Antiques.
  9021 | D:9      | Bought a scroll of identify for 54 gold pieces
  9160 | D:9      | Reached XP level 11. HP: 89/89 MP: 10/10
  9339 | D:10     | Entered Level 10 of the Dungeon
  9369 | D:10     | Reached skill level 10 in Fighting
  9399 | D:10     | Received a gift from Trog
  9509 | D:10     | Killed an unseen horror
  9703 | D:10     | Found a staircase to the Orcish Mines.
 10030 | D:10     | Killed an unseen horror
 10275 | D:10     | Noticed a hill giant
 10290 | D:10     | Killed a hill giant
 10723 | D:11     | Reached skill level 12 in Maces & Flails
 10729 | D:11     | Found an ancient bone altar of Kikubaaqudgha.
 11124 | D:11     | Noticed Grum
 11134 | D:11     | Killed Grum
 11234 | D:11     | Received a gift from Trog
 11427 | D:11     | Noticed Solomon123's ghost (journeyman FoFi)
 11434 | D:11     | Killed Solomon123's ghost
 11816 | D:12     | Reached XP level 12. HP: 95/99 MP: 11/11
 12130 | D:12     | Noticed a hill giant
 12135 | D:12     | Killed a hill giant
 12655 | D:13     | Found a portal to a secret trove of treasure.
 12765 | D:13     | Noticed a centaur warrior
 12775 | D:13     | Killed a centaur warrior
 12775 | D:13     | Reached skill level 5 in Axes
 13438 | D:13     | Received a gift from Trog
 13497 | D:13     | Found a gate to the Vaults.
 13497 | D:13     | Noticed a vault guard
 13500 | D:13     | Reached skill level 1 in Bows
 13503 | D:13     | Killed a vault guard
 13503 | D:13     | Reached skill level 13 in Armour
 14060 | D:14     | Identified a scroll of acquirement
 14119 | D:14     | Reached XP level 13. HP: 107/107 MP: 12/12
 14870 | D:14     | Noticed a centaur warrior
 14871 | D:14     | Noticed Louise
 14881 | D:14     | Killed a centaur warrior
 14906 | D:14     | Killed Louise
 14906 | D:14     | Received a gift from Trog
 15501 | Lair:1   | Entered Level 1 of the Lair of Beasts
 15735 | Lair:1   | Got a steaming flail
 15739 | Lair:1   | Identified the +8 flail "Killer Bee's Doom" {vamp, *Confuse Str-4 Int+6} (You found it on level 1 of the Lair of Beasts)
 16638 | Lair:2   | Lost intelligence.
 17214 | Lair:2   | Reached skill level 14 in Maces & Flails
 17881 | Lair:3   | Reached XP level 14. HP: 104/116 MP: 13/13
 17920 | Lair:3   | Noticed Urug
 17935 | Lair:3   | Killed Urug
 17995 | Lair:3   | Reached skill level 10 in Shields
 18176 | Lair:3   | Received a gift from Trog
 18235 | Lair:3   | Found a hole to the Spider Nest.
 18273 | Lair:3   | Lost intelligence.
 18469 | Lair:3   | Found a staircase to the Shoals.
 18728 | Lair:4   | Lost intelligence.
 18728 | Lair:4   | Drew Focus: Str increased to 23, Int decreased to 3
 18754 | Lair:4   | Gained mutation: You can spit weak poison. [helix card]
 19074 | Lair:4   | Lost mutation: You are frail (-10% HP). [potion of cure mutation]
 19074 | Lair:4   | Lost mutation: You can spit weak poison. [potion of cure mutation]
 19074 | Lair:4   | Lost mutation: Your body often deteriorates upon taking damage. [potion of cure mutation]
 19140 | Lair:4   | Received a gift from Trog
 19887 | Lair:5   | Reached ****** piety under Trog
 20533 | Lair:6   | Found a staircase to the Slime Pits.
 20533 | Lair:6   | Lost intelligence.
 20693 | Lair:6   | Noticed Nessos
 20723 | Lair:6   | Killed Nessos
 20840 | Lair:6   | Reached skill level 15 in Maces & Flails
 22127 | Lair:7   | Received a gift from Trog
 22456 | Lair:7   | Noticed Arkorax's ghost (journeyman MfGl)
 22484 | Lair:7   | Killed Arkorax's ghost
 22601 | Lair:8   | Entered Level 8 of the Lair of Beasts
 22686 | Lair:8   | Reached XP level 15. HP: 139/139 MP: 14/14
 22833 | Lair:8   | Got a ring of the Octopus King
 22836 | Lair:8   | Identified a ring of the Octopus King {SustAt AC+1 EV+1 Str+1 Int+1 Dex+1} (You found it on level 8 of the Lair of Beasts)
 23195 | Lair:8   | Reached skill level 16 in Maces & Flails
 23261 | Lair:8   | Received a gift from Trog
 23701 | Lair:8   | Reached skill level 15 in Fighting
 23893 | Lair:8   | Got a bronze crystal plate armour
 23905 | Lair:8   | Identified the +5 crystal plate armour of Context {rElec Str+6 Int-2} (You found it on level 8 of the Lair of Beasts)
 24637 | Orc:1    | Entered Level 1 of the Orcish Mines
 24708 | Orc:1    | Found Plog's Off-Brand Ammunition.
 24709 | Orc:1    | Noticed Erolcha
 24724 | Orc:1    | Killed Erolcha
 24759 | Orc:1    | Received a gift from Trog
 25036 | Orc:1    | Noticed Fannar
 25045 | Orc:1    | Killed Fannar
 25074 | Orc:2    | Received a gift from Trog
 25075 | Orc:2    | Got a dazzling war axe {god gift}
 25086 | Orc:2    | Identified the +2 war axe of Emasamp {freeze, rPois Int+3} (Trog gifted it to you on level 2 of the Orcish Mines)
 25212 | Orc:2    | Found a frozen archway.
 25236 | IceCv    | Entered an ice cave
 25332 | IceCv    | Reached skill level 15 in Armour
 26059 | Orc:3    | Received a gift from Trog
 26274 | Orc:3    | Found Taroder's Antique Weapon Emporium.
 26533 | Orc:3    | Reached skill level 1 in Staves
 26617 | Orc:3    | Received a gift from Trog
 26784 | Orc:3    | Noticed Sonja
 26791 | Orc:3    | Killed Sonja
 26834 | Orc:3    | Found a roughly hewn altar of Beogh.
 26953 | Orc:3    | Reached XP level 16. HP: 145/149 MP: 15/15
 27338 | Orc:4    | Entered Level 4 of the Orcish Mines
 27500 | Orc:4    | Found a roughly hewn altar of Beogh.
 27597 | Orc:4    | Found Fosek's Assorted Antiques.
 27610 | Orc:4    | Bought a blackened soapstone amulet for 125 gold pieces
 27610 | Orc:4    | Bought a ruby potion for 22 gold pieces
 27624 | Orc:4    | Found Zookitti's Assorted Antiques.
 27632 | Orc:4    | Reached skill level 10 in Axes
 27653 | Orc:4    | Received a gift from Trog
 27726 | Orc:4    | Received a gift from Trog
 28008 | Orc:4    | Found a staircase to the Elven Halls.
 28232 | Orc:4    | Found a roughly hewn altar of Beogh.
 28311 | Orc:4    | Found Jodeupsa's Armour Emporium.
 28317 | Orc:4    | Received a gift from Trog
 28480 | Orc:4    | Found Uxejest's Jewellery Shop.
 28582 | Orc:4    | Bought the ring of Tienavut {rC+ Str+2 Int+5 SInv Stlth-} for 549 gold pieces
 28582 | Orc:4    | Bought the amulet "Wyidaer" {rCorr *Corrode MR+++ Int+8 Dex+2} for 696 gold pieces
 29421 | Spider:1 | Entered Level 1 of the Spider Nest
 29434 | Spider:1 | Received a gift from Trog
 29585 | Spider:1 | Noticed Agnes
 29598 | Spider:1 | Killed Agnes
 29991 | Spider:1 | Noticed Josephine
 29998 | Spider:1 | Killed Josephine
 30057 | Spider:1 | Noticed Frances
 30069 | Spider:1 | Killed Frances
 30083 | Spider:1 | Got a scorched steel ring
 30085 | Spider:1 | Identified the ring "Yhaobit" {rF+ rN+ MP+9} (You found it on level 1 of the Spider Nest)
 30482 | Spider:2 | Reached skill level 5 in Throwing
 30509 | Spider:2 | Received a gift from Trog
 30539 | Spider:2 | Reached skill level 1 in Evocations
 30738 | Spider:2 | Received a gift from Trog
 30922 | Spider:2 | Noticed Jorgrun
 30938 | Spider:2 | Killed Jorgrun
 31413 | Spider:3 | Reached XP level 17. HP: 160/160 MP: 16/16
 31611 | Spider:3 | Noticed Arachne
 31615 | Spider:3 | Noticed Mara
 31627 | Spider:3 | Killed Arachne
 31644 | Spider:3 | Noticed YorNeim's illusion
 31651 | Spider:3 | Killed Mara
 31792 | Spider:4 | Entered Level 4 of the Spider Nest
 31811 | Spider:4 | Received a gift from Trog
 32090 | Spider:4 | Received a gift from Trog
 32104 | Spider:4 | Reached skill level 15 in Shields
 32367 | Spider:4 | Reached skill level 17 in Fighting
 32461 | Spider:4 | Received a gift from Trog
 32687 | Spider:4 | Got a gossamer rune of Zot
 32859 | Shoals:1 | Entered Level 1 of the Shoals
 33198 | Shoals:1 | Received a gift from Trog
 34241 | Shoals:2 | Reached XP level 18. HP: 164/170 MP: 18/18
 34857 | Shoals:3 | Received a gift from Trog
 34863 | Shoals:3 | Got an iridescent battleaxe {god gift}
 34869 | Shoals:3 | Identified the +4 battleaxe of Sosy {freeze, Str+2} (Trog gifted it to you on level 3 of the Shoals)
 35474 | Shoals:4 | Entered Level 4 of the Shoals
 35676 | Shoals:4 | Got a barnacled rune of Zot
 35858 | Shoals:4 | Noticed Nikola
 35869 | Shoals:4 | Killed Nikola
 35890 | Shoals:4 | Noticed Polyphemus
 35923 | Shoals:4 | Killed Polyphemus
 35925 | Shoals:4 | Noticed Ilsuiw
 35970 | Shoals:4 | Reached skill level 18 in Maces & Flails
 36002 | Shoals:4 | Received a gift from Trog
 37457 | Elf:1    | Entered Level 1 of the Elven Halls
 37580 | Elf:1    | Received a gift from Trog
 38188 | Elf:1    | Received a gift from Trog
 38532 | Elf:2    | Reached XP level 19. HP: 179/179 MP: 19/19
 38947 | Elf:2    | Found a runed gate.
 38947 | Elf:2    | Found a runed gate.
 38947 | Elf:2    | Found a runed gate.
 39145 | Elf:2    | Received a gift from Trog
 39454 | Elf:3    | Entered Level 3 of the Elven Halls
 39474 | Elf:3    | Reached skill level 19 in Maces & Flails
 39504 | Elf:3    | Noticed Aizul
 39515 | Elf:3    | Killed Aizul
 39680 | Elf:3    | Noticed Roxanne
 39691 | Elf:3    | Killed Roxanne
 39695 | Elf:3    | Identified Roxanne's Incunabulum of Moulding and the Mountains (You took it off Roxanne on level 3 of the Elven Halls)
 40151 | Elf:3    | Got a coiled lead amulet
 40244 | Elf:3    | Received a gift from Trog
 40298 | Elf:3    | Got a warped jade ring
 40337 | Elf:3    | Got a translucent plate armour
 40366 | Elf:3    | Identified the cursed +0 plate armour of Iruitaukh {+Blink rElec rPois} (You took it off a deep elf master archer on level 3 of the Elven Halls)
 40380 | Elf:3    | Identified the amulet of Kaablada {Stasis rElec rC++} (You took it off a deep elf master archer on level 3 of the Elven Halls)
 40384 | Elf:3    | Identified the cursed ring of Kebriukk {AC-5 Int+3 Slay+6} (You took it off a deep elf master archer on level 3 of the Elven Halls)
 40448 | Elf:3    | Identified a +6 rod of destruction (9/9) (You took it off a deep elf sorcerer on level 3 of the Elven Halls)
 41217 | Orc:2    | Got an iridescent demon blade
 41222 | Orc:2    | Identified the +2 demon blade of Hagigril {freeze, rPois MP+9 Str+6 Dex-4} (You found it on level 2 of the Orcish Mines)
 41530 | Lair:6   | Gained mutation: You possess an exceptional clarity of mind. [potion of beneficial mutation]
 41726 | Slime:1  | Entered Level 1 of the Pits of Slime
 42103 | Slime:2  | Gained mutation: You are dopey. (Int -2) [a shining eye]
 42176 | Slime:5  | Received a gift from Trog
 42185 | Slime:5  | Gained mutation: Your skin changes colour to match your surroundings (Stealth). [a shining eye]
 42202 | Slime:6  | Entered Level 6 of the Pits of Slime
 42205 | Slime:6  | Reached skill level 20 in Maces & Flails
 42324 | Slime:6  | Reached XP level 20. HP: 93/191 MP: 20/20
 42721 | Slime:6  | Noticed the royal jelly
 42738 | Slime:6  | HP: 11/286 [azure jelly[the royal jelly] (4)]
 42738 | Slime:6  | Slain by an azure jelly

Action                   |  1- 3 |  4- 6 |  7- 9 | 10-12 | 13-15 | 16-18 | 19-21 || total
-------------------------+-------+-------+-------+-------+-------+-------+-------++-------
Melee: Hand axe          |    18 |       |       |       |       |       |       ||    18
       Whip              |    65 |   208 |    52 |       |       |       |       ||   325
       Flail             |       |       |   205 |   616 |  1423 |       |       ||  2244
       Executioner's axe |       |       |       |   119 |       |    19 |       ||   138
       War axe           |       |       |       |       |   147 |   805 |       ||   952
       Lajatang          |       |       |       |       |   135 |     9 |       ||   144
       Morningstar       |       |       |       |       |       |    72 |       ||    72
       Eveningstar       |       |       |       |       |       |   772 |   361 ||  1133
 Fire: Shortbow          |       |       |       |     3 |       |       |       ||     3
Throw: Tomahawk          |       |     6 |     4 |    39 |    11 |    53 |       ||   113
       Javelin           |       |       |       |       |    38 |       |   118 ||   156
       Stone             |       |       |       |       |     2 |       |       ||     2
Invok: Berserk           |     2 |     6 |     6 |    10 |    14 |     8 |     3 ||    49
       Trog's Hand       |       |     3 |     2 |     7 |    10 |    16 |     6 ||    44
       Burn Spellbooks   |       |       |       |     3 |     4 |     3 |     6 ||    16
       Brothers in Arms  |       |       |       |       |     1 |     3 |    12 ||    16
 Abil: Evoke Blink       |       |       |       |       |       |       |     2 ||     2
Evoke: Wand              |       |       |       |     2 |     5 |     5 |       ||    12
       Deck              |       |       |       |       |     4 |     1 |       ||     5
       Fan of gales      |       |       |       |       |     1 |       |       ||     1
       Lamp of fire      |       |       |       |       |       |     2 |     2 ||     4
       Phial of floods   |       |       |       |       |       |     2 |     1 ||     3
       Stone of tremors  |       |       |       |       |       |       |     2 ||     2
  Use: Scroll            |       |       |     7 |    14 |    23 |    12 |     5 ||    61
       Potion            |       |       |     1 |     3 |     6 |     4 |     6 ||    20
 Stab: Distracted        |       |       |       |       |     1 |     2 |     1 ||     4
  Eat: Chunk             |     2 |    11 |    16 |    36 |    50 |    47 |     9 ||   171
       Beef jerky        |       |     1 |     1 |       |     9 |     1 |       ||    12
       Meat ration       |       |       |     1 |       |       |       |       ||     1
       Royal jelly       |       |       |       |     1 |     1 |     1 |       ||     3
       Pizza             |       |       |       |       |       |     1 |     5 ||     6
       Fruit             |       |       |       |       |       |     1 |     2 ||     3
